 Dungeon Crawl Stone Soup version 0.29.0-13-gc9e81de378 (webtiles) character file.

Game seed: 10138658138771706399

332 sleeves the Sneak (level 6, -5/56 HPs)
             Began as a Naga Delver on Sept 10, 2022.
             Was an Initiate of Yredelemnul.
             Slain by a gnoll
             ... wielding a +0 flail
              (7 damage)
             ... on level 4 of the Dungeon.
             The game lasted 00:14:30 (4395 turns).

sleeves the Sneak (Naga Delver)                     Turns: 4395, Time: 00:14:31

Health: -5/56      AC:  3    Str: 17    XL:     6   Next: 52%
Magic:  0/6        EV:  9    Int: 10    God:    Yredelemnul [......]
Gold:   204        SH:  0    Dex: 12    Spells: 5/5 levels left

rFire   . . .      SeeInvis +   a - +0 spear
rCold   . . .      Faith    .   (no shield)
rNeg    + . .      Spirit   +   b - +0 leather armour
rPois   +          Reflect  .   (no helmet)
rElec   .          Harm     .   (no cloak)
rCorr   .          Rampage  .   (no gloves)
Will    .....                   (no barding)
Stlth   +.........              h - amulet of guardian spirit
HPRegen 0.18/turn               s - ring of positive energy
MPRegen 0.10/turn               v - +4 ring of slaying

@: confused, ambrosia-drunk, attractive, very slow
A: AC +2, large, see invisible, deformed body, poison resistance, slowness 2,
spit poison 1, naga tail 1
a: Spit Poison, Renounce Religion, Recall Undead Harvest


You were on level 4 of the Dungeon.
You worshipped Yredelemnul.
Yredelemnul was noncommittal.
You visited 1 branch of the dungeon, and saw 6 of its levels.

You collected 204 gold pieces.

Inventory:

Hand Weapons
 a - a +0 spear (weapon)
 B - a +2 dagger of venom
   (You took it off a kobold on level 3 of the Dungeon)
Missiles
 A - 3 poisoned darts
 E - 2 javelins
 G - a boomerang
Armour
 b - a +0 leather armour (worn)
 e - a +0 helmet
   (You found it on level 4 of the Dungeon)
 w - a +2 hat
   (You found it on level 2 of the Dungeon)
Jewellery
 h - an amulet of guardian spirit (around neck)
   (You found it on level 6 of the Dungeon)
 n - a ring of fire
   (You found it on level 1 of the Dungeon)
 s - a ring of positive energy (left hand)
   (You found it on level 2 of the Dungeon)
 v - a +4 ring of slaying (right hand)
   (You found it on level 2 of the Dungeon)
 y - a ring of protection from cold
   (You took it off an orc on level 4 of the Dungeon)
 C - an amulet of faith
   (You found it on level 3 of the Dungeon)
Wands
 g - a wand of digging (3)
 j - a wand of flame (19)
   (You found it on level 4 of the Dungeon)
Scrolls
 c - a scroll of fog
 d - 3 scrolls of magic mapping
 l - 2 scrolls of blinking {unknown}
 m - 2 scrolls of amnesia {unknown}
 o - a scroll of torment {unknown}
 r - a scroll of teleportation {unknown}
 u - 2 scrolls of identify {unknown}
 x - a scroll of enchant weapon {unknown}
 D - a scroll of summoning {unknown}
 F - a scroll of enchant armour {unknown}
Potions
 f - a potion of haste
 k - a potion of curing
 p - a potion of might
 q - a potion of lignification {unknown}
 t - a potion of flight {unknown}
 z - a potion of attraction


   Skills:
 - Level 3.0 Fighting
 + Level 5.8 Polearms
 + Level 2.4 Throwing
 - Level 1.5 Dodging
 - Level 7.5 Stealth


You had 5 spell levels left.
You didn't know any spells.
Your spell library contained the following spells:

 Spells                   Type           Power      Damage    Failure   Level
 Necrotise                Necr           0%         1d4       43%         1
 Vampiric Draining        Necr           0%         2d6       80%         3
 Agony                    Necr           0%         N/A       100%        5


Dungeon Overview and Level Annotations

Branches:
Dungeon (6/15)             Temple (0/1) D:4

Altars:
Cheibriados
Elyvilon
Nemelex Xobeh
Ru
Yredelemnul


Innate Abilities, Weirdness & Mutations

Your serpentine skin is tough. (AC +2)
You have supernaturally acute eyesight. (SInv)
Armour fits poorly on your strangely shaped body.
Your system is resistant to poisons. (rPois)
You cover ground very slowly.
You can spit poison.
You have a snake-like lower body.


Message History

The adder bites you but does no damage.
You miss the adder.
The adder is severely wounded.
The adder closely misses you. The adder barely misses you.
You closely miss the adder.
The adder is severely wounded.
The adder bites you.
You hit the adder.
You kill the adder!
No target in view!
No target in view!
No target in view!
No target in view!
No target in view!
No target in view!
Magic restored.
There is an escape hatch in the floor here.
A kobold comes into view. It is wielding a +0 short sword.
A kobold is nearby!
A kobold is nearby!
You reach to attack!
The helpless kobold fails to defend itself.
You hit the kobold but do no damage. You hit the kobold but do no damage.
The kobold closely misses you.
You miss the kobold. The kobold closely misses you.
You hit the kobold.
The kobold is severely wounded.
The kobold barely misses you.
You hit the kobold.
You kill the kobold!
No target in view!
No target in view!
No target in view!
No target in view!
No target in view!
No target in view!
No target in view!
No target in view!
No target in view!
A frilled lizard comes into view.
A frilled lizard is nearby!
A frilled lizard is nearby!
A frilled lizard is nearby!
Found 12 gold pieces.
You reach to attack!
The helpless frilled lizard fails to defend itself.
You hit the frilled lizard.
You kill the frilled lizard!
No target in view!
No target in view!
No target in view!
No target in view!
No target in view!
You now have 94 gold pieces (gained 12).
A kobold comes into view. It is wielding a +0 dagger.
A kobold is nearby!
A kobold is nearby!
Found a scroll labelled MUREMAMEFU.
You reach to attack!
The helpless kobold fails to defend itself.
You hit the kobold.
The kobold is heavily wounded.
The kobold throws a stone.
The stone hits you but does no damage.
You reach to attack!
You hit the kobold but do no damage.
The kobold is heavily wounded.
You hit the kobold.
You kill the kobold!
No target in view!
No target in view!
No target in view!
Things that are here:
a +0 dagger; 4 stones
u - a scroll labelled MUREMAMEFU A goblin comes into view.
It is wielding a +0 dagger.
A goblin is nearby!
You reach to attack!
The helpless goblin fails to defend itself.
You hit the goblin.
The goblin is heavily wounded.
You closely miss the goblin.
The goblin is heavily wounded.
The goblin hits you but does no damage.
You hit the goblin.
You kill the goblin!
No target in view!
No target in view!
No target in view!
No target in view!
No target in view!
No target in view!
No target in view!
No target in view!
No target in view!
No target in view!
No target in view!
Things that are here:
a +0 dagger; a goblin corpse A sourceless malevolence fills the Dungeon...
You fall into a shaft and drop 1 floor!
The shaft crumbles and collapses.
(D) Dungeon
Where to? (Enter - D:2, ? - help)
There is a stone staircase leading up here.
You climb upwards.
There is a stone staircase leading down here.
An endoplasm comes into view.
An endoplasm is nearby!
An endoplasm is nearby!
Found a steel ring.
The endoplasm quivers.
The endoplasm freezes you.
You are frozen.
You hit the endoplasm.
The endoplasm is moderately wounded.
The endoplasm barely misses you.
You hit the endoplasm.
You kill the endoplasm!
No target in view!
No target in view!
No target in view!
No target in view!
No target in view!
HP restored.
v - a +4 ring of slaying
v - a +4 ring of slaying (right hand)
You now have 112 gold pieces (gained 18).
You now have 122 gold pieces (gained 10).
w - a +2 hat
Found a stone staircase leading down.
Found a falchion.
Found 9 stones.
A dart slug comes into view.
A dart slug is nearby!
A dart slug is nearby!
You reach to attack!
The helpless dart slug fails to defend itself.
You puncture the dart slug!
You kill the dart slug!
No target in view!
No target in view!
No target in view!
A rat comes into view.
A rat is nearby!
A rat is nearby!
You reach to attack!
The helpless rat fails to defend itself.
You hit the rat.
You kill the rat!
No target in view!
No target in view!
Found 9 stones.
You see here 9 stones.
You now have 132 gold pieces (gained 10).
A frilled lizard comes into view.
A frilled lizard is nearby!
The frilled lizard bites you but does no damage.
You closely miss the frilled lizard. The frilled lizard bites you.
You hit the frilled lizard.
You kill the frilled lizard!
No target in view!
No target in view!
No target in view!
No target in view!
No target in view!
You see here a frilled lizard corpse.
An endoplasm comes into view.
An endoplasm is nearby!
An endoplasm is nearby!
No target in view!
No target in view!
No target in view!
No target in view!
No target in view!
No target in view!
No target in view!
No target in view!
No target in view!
No target in view!
No target in view!
No target in view!
Found a ring mail.
No target in view!
No target in view!
An endoplasm is nearby!
An endoplasm is nearby!
An endoplasm is nearby!
You reach to attack!
The endoplasm quivers.
You puncture the endoplasm!
You kill the endoplasm!
No target in view!
No target in view!
No target in view!
No target in view!
No target in view!
No target in view!
No target in view!
Search for what [? for help]? pole
Found a stone staircase leading down.
Found an escape hatch in the ceiling.
There is an escape hatch in the ceiling here.
There is a stone staircase leading up here.
x - a scroll labelled OLIEMU COLO A rat comes into view.
You reach to attack!
The helpless rat fails to defend itself.
You hit the rat.
You kill the rat!
No target in view!
You see here a +0 falchion.
Done exploring.
Done exploring.
Done exploring.
No target in view!
(D) Dungeon
Where to? (Enter - D:2, ? - help)
There is a stone staircase leading down here.
You climb downwards.
There is a stone staircase leading up here.
A frilled lizard comes into view.
A frilled lizard is nearby!
A frilled lizard is nearby!
You reach to attack!
The helpless frilled lizard fails to defend itself.
You puncture the frilled lizard!
You kill the frilled lizard!
No target in view!
No target in view!
A frilled lizard comes into view.
A frilled lizard is nearby!
A frilled lizard is nearby!
You reach to attack!
The helpless frilled lizard fails to defend itself.
You puncture the frilled lizard!
You kill the frilled lizard!
No target in view!
No target in view!
No target in view!
Found a stone staircase leading up.
You open the large door.
There is a large open door here.
z - a red potion
l - 2 scrolls labelled MAURIHOZYN (gained 1)
A dart slug comes into view.
Found a leather armour.
You see here a scroll labelled VIELIN DEKECWY.
You reach to attack!
The helpless dart slug fails to defend itself.
You puncture the dart slug!
The dart slug is almost dead.
You reach to attack!
You hit the dart slug but do no damage.
The dart slug is almost dead.
A dart slug is nearby!
A dart slug is nearby!
You puncture the dart slug!
You kill the dart slug!
No target in view!
A hobgoblin comes into view.
A hobgoblin is nearby!
A hobgoblin is nearby!
The hobgoblin shouts!
You reach to attack!
You completely miss the hobgoblin. You barely miss the hobgoblin.
You hit the hobgoblin.
The hobgoblin is almost dead.
The hobgoblin closely misses you.
You hit the hobgoblin.
You kill the hobgoblin!
No target in view!
You now have 147 gold pieces (gained 15).
m - 2 scrolls labelled VIELIN DEKECWY (gained 1)
u - 2 scrolls labelled MUREMAMEFU (gained 1)
You open the large door.
There is a large open door here.
An adder and a frilled lizard come into view.
There are monsters nearby!
There are monsters nearby!
The adder hisses angrily.
The frilled lizard hisses angrily.
You hit the frilled lizard.
You kill the frilled lizard!
You barely miss the adder. The adder bites you.
You miss the adder. You punch the adder.
The adder is moderately wounded.
The adder bites you.
You barely miss the adder.
The adder is moderately wounded.
The adder bites you.
You hit the adder.
The adder is severely wounded.
The adder bites you.
You hit the adder.
The adder is almost dead.
The adder bites you but does no damage. The adder closely misses you.
You miss the adder. You punch the adder.
You kill the adder!
You have reached level 5!
HP restored.
Things that are here:
an adder corpse; a frilled lizard corpse An orc priest comes into view.
It is wielding a +0 dagger.
An orc comes into view. It is wielding a +0 club.
The orc priest moves out of view.
An orc is nearby!
An orc is nearby!
An orc is nearby!
No target in view!
An orc is nearby!
An orc is nearby!
The splash of poison hits the orc!
You kill the orc!
The orc shouts!
You hear a shout! x2
The orc priest shouts!
The orc priest miscasts a cantrip.
The orc hits you with a +0 hand axe.
There is a stone staircase leading down, spattered with blood here.
You have got your breath back.
The orc hits you with a +0 club. The orc hits you with a +0 hand axe.
You climb downwards.
There is a stone staircase leading up, spattered with blood here.
You closely miss the orc. The orc misses you.
You closely miss the orc. The orc hits you with a +0 hand axe.
You closely miss the orc. The orc hits you with a +0 hand axe.
You closely miss the orc. The orc hits you with a +0 hand axe.
You hit the orc.
The orc is moderately wounded.
The orc closely misses you.
You hit the orc.
You kill the orc!
The orc hits you with a +0 club. The orc hits you but does no damage.
Things that are here:
a +0 hand axe; a +0 leather armour; a +0 dagger You puncture the orc!
You kill the orc!
y - a ring of protection from cold
Things that are here:
a +0 club; a +0 leather armour
A - 3 poisoned darts You see here a +0 dagger.
Things that are here:
a +0 club; a +0 leather armour
Things that are here:
a +0 hand axe; a +0 leather armour; a +0 dagger
There is a stone staircase leading up, spattered with blood here.
You start resting.
HP restored.
You don't know any spells.
You climb upwards.
The orc priest hits you with a +0 dagger.
There is a stone staircase leading down, spattered with blood here.
The orc priest hits you with a +0 dagger.
You climb downwards.
There is a stone staircase leading up, spattered with blood here.
The splash of poison hits the orc priest!
The orc priest is severely wounded.
The orc priest hits you with a +0 dagger.
You hit the orc priest.
You kill the orc priest!
Your Polearms skill increases to level 5!
No target in view!
No target in view!
You start resting.
You have got your breath back.
You start resting.
HP restored.
You climb upwards.
The orc priest casts a cantrip, but nothing happens.
There is a stone staircase leading down, spattered with blood here.
The splash of poison hits the orc priest!
The orc priest is poisoned.
The orc priest is heavily wounded.
You reach to attack!
You hit the orc priest.
The orc priest is severely wounded.
You puncture the orc priest!
You kill the orc priest!
Your Throwing skill increases to level 1!
No target in view!
You have got your breath back.
You now have 152 gold pieces (gained 5).
Items here: )) [ ††.
There is a stone staircase leading down, spattered with blood here.
There is a stone staircase leading down, spattered with blood here.
A kobold is nearby!
A bat comes into view.
The bat barely misses you.
The kobold shouts!
You puncture the bat!
You kill the bat!
You puncture the kobold!
You kill the kobold!
No target in view!
No target in view!
You see here a +2 dagger of venom.
B - a +2 dagger of venom You see here a +0 ring mail.
You see here a bat corpse.
You open the door.
There is an open door here.
You open the door.
There is an open door here.
You now have 156 gold pieces (gained 4).
You now have 168 gold pieces (gained 12).
Found a quarterstaff.
You see here a +0 quarterstaff.
You open the door.
There is an open door here.
C - an amulet of faith You open the door.
There is an open door here.
There is a stone staircase leading up here.
Key pressed, stopping explore.
There is a stone staircase leading down here.
Done exploring.
You drop a +0 dagger.
Done exploring.
Done exploring.
Done exploring.
Done exploring.
Done exploring.
Done exploring.
(D) Dungeon
Where to? (Enter - D:3, ? - help)
Okay, then.
Done exploring.
Done exploring.
(D) Dungeon
Where to? (Enter - D:3, ? - help)
There is a stone staircase leading down here.
You climb downwards.
There is a stone staircase leading up here.
j - a wand of flame (19)
You open the door.
Found a sparkling altar of Nemelex Xobeh.
Found a basalt altar of Yredelemnul.
There is an open door here.
There is an open door here.
There is a stone staircase leading down here.
Things that are here:
5 stones; a +0 club
D - a scroll labelled WUYXALY YLIGGULI
There is an open door here.
There is a basalt altar of Yredelemnul here.
You coil in front of the altar of Yredelemnul.
You coil in front of the altar of Yredelemnul.
You don't know any spells.
Your library has no spells.
You coil in front of the altar of Yredelemnul.
You coil in front of the altar of Yredelemnul.
Yredelemnul welcomes you!
You can now reap souls.
You can now recall your undead harvest.
There is an open door here.
An iguana comes into view.
An iguana is nearby!
The splash of poison hits the iguana.
The iguana is poisoned.
The iguana is lightly wounded.
The iguana hisses angrily.
You closely miss the iguana.
The iguana is moderately wounded.
The iguana closely misses you.
You hit the iguana but do no damage.
The iguana is moderately wounded.
The iguana looks more healthy.
The iguana bites you but does no damage.
You puncture the iguana!
The iguana is severely wounded.
The iguana bites you.
You hit the iguana. Your punch misses the iguana.
The iguana is almost dead.
You have got your breath back.
You hit the iguana.
You kill the iguana!
No target in view!
No target in view!
No target in view!
No target in view!
No target in view!
No target in view!
No target in view!
E - 2 javelins You open the door.
There is an open door here.
F - a scroll labelled SOIROQ FAULL A gnoll comes into view.
It is wielding a +0 flail.
There are monsters nearby!
There are monsters nearby!
The gnoll shouts!
You hear a shout!
The gnoll throws a stone.
The stone hits you but does no damage.
The splash of poison hits the gnoll!
The gnoll is poisoned.
The gnoll is severely wounded.
You reach to attack!
You hit the gnoll.
You kill the gnoll!
A gnoll is nearby!
You can't do that yet.
Things that are here:
a +0 spear; 4 stones; 9 gold pieces You reach to attack!
You hit the gnoll.
The gnoll is heavily wounded.
The gnoll shouts!
You hit the gnoll.
The gnoll is heavily wounded.
The gnoll completely misses you.
You barely miss the gnoll.
The gnoll is heavily wounded.
You have got your breath back.
The gnoll closely misses you.
You puncture the gnoll!
You kill the gnoll!
You have reached level 6!
Your skin feels tougher.
You hit the gnoll but do no damage. You hit the gnoll.
The gnoll is moderately wounded.
The gnoll hits you with a +0 flail.
You closely miss the gnoll.
The gnoll is moderately wounded.
The gnoll hits you from afar with a +0 halberd!
The gnoll hits you with a +0 flail!
You are too injured to fight recklessly!
You are too injured to fight recklessly!
You don't know any spells.
Aiming: Spit Poison (1% risk of failure)
Press: ? - help, Shift-Dir - straight line, f - gnoll
Aim: a gnoll, wielding a +0 halberd (65% to hit)
The splash of poison misses the gnoll.
The splash of poison hits the gnoll.
The gnoll is poisoned.
The gnoll is lightly wounded.
The gnoll hits you from afar with a +0 halberd.
The gnoll hits you with a +0 flail.
* * * LOW HITPOINT WARNING * * *
Okay, then.
Okay, then.
You hit the gnoll.
The gnoll is heavily wounded.
The gnoll hits you from afar with a +0 halberd.
* * * LOW HITPOINT WARNING * * *
The gnoll hits you with a +0 flail.
* * * LOW HITPOINT WARNING * * *
As you read the scroll of fear, it crumbles to dust.
You assume a fearsome visage.
The gnoll looks frightened! x2
You have got your breath back.
There is an open door here.
You close the door.
Magic restored.
You start resting.
A gnoll is nearby!
Aiming: Spit Poison (1% risk of failure)
Press: ? - help, Shift-Dir - straight line, f/p - gnoll
Aim: a gnoll, wielding a +0 halberd (moderately wounded, wandering, hasn't noticed you, 65% to hit)
The splash of poison hits the gnoll!
The gnoll is poisoned.
The gnoll is almost dead.
The gnoll shouts!
You kill the gnoll!
The dead are walking!
You have got your breath back.
HP restored.
z - 2 red potions (gained 1)
You see here a +0 halberd.
There is an open door here.
You hit the gnoll but do no damage. The gnoll barely misses you.
You closely miss the gnoll. You puncture the gnoll!
The gnoll is heavily wounded.
The gnoll hits you but does no damage.
Your gnoll zombie hits the gnoll.
You closely miss the gnoll.
The gnoll is severely wounded.
The gnoll hits you with a +0 flail!
Your gnoll zombie hits the gnoll.
The gnoll dies!
Your Throwing skill increases to level 2!
No target in view!
No target in view!
Search for what [Enter for "pole", or ? for help]? spear
Okay, then.
Search for what [Enter for "spear", or ? for help]?
You see here a +0 flail.
You see here a +0 flail.
You now have 177 gold pieces (gained 9).
Things that are here:
a +0 spear; 4 stones You swap places.
You see here a +0 flail.
Key pressed, stopping explore.
Found a staircase to the Ecumenical Temple.
You swap places.
There is an open door here.
There is an open door here.
Things that are here:
a +0 spear; 4 stones You see here a +0 flail.
There is a stone staircase leading up here.
You open the door.
An endoplasm comes into view.
The endoplasm quivers.
You could not reach far enough!
Your gnoll zombie hits the endoplasm.
You could not reach far enough!
The endoplasm hits your gnoll zombie.
Your gnoll zombie hits the endoplasm.
You reach to attack!
You hit the endoplasm.
You kill the endoplasm!
The dead are walking!
No target in view!
You swap places.
There is an open door here.
You swap places.
There is an open door here.
You reach to attack!
The helpless ball python fails to defend itself.
You puncture the ball python!
You kill the ball python!
No target in view!
No target in view!
An orc comes into view. It is wielding a +0 hand axe.
The orc shouts!
An orc is nearby!
An orc is nearby!
The orc hits you with a +0 hand axe.
You hit the orc.
The orc is heavily wounded.
You hit the orc but do no damage.
The orc is heavily wounded.
The orc closely misses you.
You closely miss the orc.
The orc is heavily wounded.
The orc barely misses you.
You hit the orc.
The orc is heavily wounded.
The orc hits you but does no damage.
The orc hits your endoplasm zombie with a +0 hand axe.
Your endoplasm zombie closely misses the orc.
You hit the orc.
You kill the orc!
The dead are walking!
No target in view!
No target in view!
No target in view!
An iguana is nearby!
An iguana is nearby!
An iguana is nearby!
You swap places.
Your orc zombie hits the iguana but does no damage.
You reach to attack!
You hit the iguana.
The iguana is moderately wounded.
Your endoplasm zombie closely misses the iguana.
The iguana bites your orc zombie!
Your orc zombie is destroyed!
You reach to attack!
You hit the iguana.
The iguana is heavily wounded.
Your endoplasm zombie hits the iguana but does no damage.
You hit the iguana.
The iguana is heavily wounded.
You hit the iguana.
The iguana is almost dead.
The iguana barely misses you.
Your endoplasm zombie hits the iguana.
You barely miss the iguana.
The iguana is almost dead.
The iguana bites you.
Your endoplasm zombie hits the iguana but does no damage.
You barely miss the iguana.
The iguana is almost dead.
The iguana misses you.
You hit the iguana but do no damage.
The iguana is almost dead.
Your endoplasm zombie hits the iguana.
The iguana bites your endoplasm zombie!
Your endoplasm zombie is destroyed!
You hit the iguana.
You kill the iguana!
The dead are walking!
No target in view!
You swap places.
You open the door.
A ball python and a quokka come into view.
There are monsters nearby!
There are monsters nearby!
There is an open door here.
You reach to attack!
You puncture the quokka!
You kill the quokka!
The dead are hopping!
The ball python hisses angrily.
The ball python barely misses your quokka zombie. x2
Your quokka zombie bites the ball python.
The ball python dies!
No target in view!
No target in view!
You open the door.
There is an open door here.
You open the door.
An endoplasm comes into view.
There is an open door here.
An endoplasm is nearby!
An endoplasm is nearby!
You reach to attack!
The helpless endoplasm fails to defend itself.
You hit the endoplasm.
You kill the endoplasm!
No target in view!
You open the door.
There is an open door here.
You open the door.
A quokka comes into view.
A quokka is nearby!
You swap places.
A goblin and 2 adders come into view.
Found 18 gold pieces and a book of Necromancy.
There is an open door here.
You reach to attack!
The helpless quokka fails to defend itself.
You puncture the quokka!
You kill the quokka!
You reach to attack!
You puncture the adder!
The adder is almost dead.
The adder hisses angrily.
You hear a shout!
You hit the adder.
You kill the adder!
The dead are slithering!
A hobgoblin comes into view.
You puncture the goblin!
You kill the goblin!
The adder bites you.
You hit the adder.
The adder is lightly wounded.
The adder barely misses you.
You hit the adder.
The adder is heavily wounded.
Your adder zombie bites the adder.
The adder bites you.
You closely miss the adder.
The adder is severely wounded.
Your adder zombie completely misses the adder.
The hobgoblin drinks a potion.
The hobgoblin seems to grow stronger.
The adder bites you but does no damage.
You hit the adder.
You kill the adder!
Your adder zombie closely misses the hobgoblin.
The hobgoblin barely misses your goblin zombie.
You reach to attack!
You closely miss the hobgoblin.
Your adder zombie bites the hobgoblin but does no damage.
Your goblin zombie hits the hobgoblin.
You reach to attack!
You hit the hobgoblin but do no damage.
The hobgoblin is moderately wounded.
The hobgoblin hits your goblin zombie.
Your adder zombie barely misses the hobgoblin.
You reach to attack!
You closely miss the hobgoblin.
The hobgoblin is moderately wounded.
The hobgoblin closely misses your goblin zombie.
Your goblin zombie barely misses the hobgoblin.
Your adder zombie barely misses the hobgoblin.
You reach to attack!
You closely miss the hobgoblin.
The hobgoblin is moderately wounded.
The hobgoblin hits your goblin zombie.
Your adder zombie barely misses the hobgoblin.
You could not reach far enough!
Your goblin zombie barely misses the hobgoblin.
The hobgoblin hits your goblin zombie!
Your goblin zombie is destroyed!
You reach to attack!
You closely miss the hobgoblin.
The hobgoblin is moderately wounded.
Your adder zombie closely misses the hobgoblin.
You reach to attack!
You puncture the hobgoblin!
You kill the hobgoblin!
The dead are walking!
No target in view!
No target in view!
No target in view!
No target in view!
No target in view!
You swap places.
You see here a +0 club.
You now have 195 gold pieces (gained 18).
You pick up a book of Necromancy and begin reading...
You add the spells Necrotise, Vampiric Draining and Agony to your library.
You swap places.
You open the door.
An adder and a hobgoblin come into view.
There are monsters nearby!
There are monsters nearby!
There is an open door here.
You reach to attack!
You closely miss the adder.
The hobgoblin shouts!
You hit the adder.
The adder is heavily wounded.
The adder bites you.
You puncture the adder!
You kill the adder!
You closely miss the hobgoblin. The hobgoblin hits you.
You puncture the hobgoblin!
You kill the hobgoblin!
The dead are walking!
No target in view!
No target in view!
You swap places.
You open the door.
An orc and a giant cockroach come into view.
There is an open door here.
There are monsters nearby!
You reach to attack!
The helpless giant cockroach fails to defend itself.
You puncture the giant cockroach!
You kill the giant cockroach!
The dead are walking!
You can now trade souls for undead servants.
Your giant cockroach zombie bites the orc.
You reach to attack!
You hit the orc.
You kill the orc!
No target in view!
No target in view!
You open the door.
A quokka, 2 kobolds and an ufetubus come into view.
Found 9 gold pieces, a helmet, a hand axe and 4 stones.
There are monsters nearby!
You swap places.
Found a robe and a tower shield.
There is an open door here.
You reach to attack!
The helpless quokka fails to defend itself.
You puncture the quokka!
You kill the quokka!
The dead are hopping!
Your quokka zombie bites the kobold but does no damage.
You reach to attack!
You hit the kobold.
You kill the kobold!
The dead are walking!
Your quokka zombie bites the kobold!
The kobold dies!
The dead are walking!
The ufetubus shouts!
You can no longer trade souls for undead servants.
The ufetubus hits your kobold zombie.
The ufetubus barely misses your kobold zombie.
Your kobold zombie hits the ufetubus.
Your adder zombie barely misses the ufetubus.
Your quokka zombie misses the ufetubus.
You can now trade souls for undead servants.
You reach to attack!
You miss the ufetubus.
The ufetubus is lightly wounded.
The ufetubus hits your kobold zombie. x2
Your kobold zombie is destroyed!
The ufetubus hits your quokka zombie.
The ufetubus barely misses your quokka zombie.
Your adder zombie bites the ufetubus but does no damage.
You reach to attack!
You hit the ufetubus.
The ufetubus is heavily wounded.
Your quokka zombie closely misses the ufetubus.
The ufetubus hits your quokka zombie. x2
Your quokka zombie is destroyed!
You can no longer trade souls for undead servants.
You reach to attack!
You hit the ufetubus.
You kill the ufetubus!
A black mist starts to gather...
You can now trade souls for undead servants.
No target in view!
No target in view!
No target in view!
You swap places.
You now have 204 gold pieces (gained 9).
You swap places.
e - a +0 helmet You swap places.
You swap places.
There is an open door here.
You open the door.
An orc comes into view. It is wielding a +0 flail.
There is an open door here.
You can no longer trade souls for undead servants.
You reach to attack!
The helpless orc fails to defend itself.
You puncture the orc!
You kill the orc!
No target in view!
No target in view!
G - a boomerang You see here a +0 flail.
You open the door.
There is an open door here.
There is an open door here.
Key pressed, stopping explore.
You swap places.
You swap places.
You swap places.
Key pressed, stopping explore.
Done exploring.
Done exploring.
No target in view!
Done exploring.
Done exploring.
Done exploring.
You swap places.
There is a stone staircase leading down here.
You swap places.
You can no longer trade souls for undead servants.
You swap places.
You can now trade souls for undead servants.
You swap places.
You swap places.
There is a stone staircase leading down here.
You swap places.
You swap places.
You swap places.
You swap places.
You swap places.
You swap places.
You swap places.
You swap places.
There is a stone staircase leading down here.
You climb downwards.
Your mindless puppets stay behind to rot.
You can no longer trade souls for undead servants.
The gnoll shouts! x3
A quokka comes into view.
There is a stone staircase leading up here.
Nothing appears to have answered your call.
The scorpion stings you but does no damage.
The scorpion barely misses you. The gnoll hits you with a +0 flail!
The gnoll closely misses you.
The gnoll shouts!
You climb upwards.
There is a stone staircase leading down here.
You hit the scorpion.
The scorpion is moderately wounded.
The scorpion barely misses you. The gnoll hits you but does no damage.
The gnoll hits you with a +0 flail.
Okay, then.
Aiming: Spit Poison (1% risk of failure)
Press: ? - help, Shift-Dir - straight line, f - scorpion
Aim: a scorpion (moderately wounded, 59% to hit)
The splash of poison misses the scorpion.
The scorpion barely misses you. The gnoll hits you with a +0 whip.
The gnoll hits you with a +0 flail. The scorpion stings you.
Okay, then.
Okay, then.
Okay, then.
The scorpion stings you but does no damage.
The gnoll barely misses you. The gnoll hits you with a +0 flail.
* * * LOW HITPOINT WARNING * * *
You climb downwards.
There is a stone staircase leading up here.
Unknown command.
Unknown command.
The scorpion stings you.
* * * LOW HITPOINT WARNING * * *
The gnoll closely misses you. The gnoll hits you with a +0 whip.
* * * LOW HITPOINT WARNING * * *
You climb upwards.
You have got your breath back.
There is a stone staircase leading down, spattered with blood here.
Unknown command.
Okay, then.
It was a potion of curing.
You feel better. The scorpion barely misses you.
The gnoll hits you with a +0 whip!
* * * LOW HITPOINT WARNING * * *
The gnoll hits you with a +0 flail.
* * * LOW HITPOINT WARNING * * *
It was a potion of attraction.
You feel attractive to monsters. The scorpion stings you.
* * * LOW HITPOINT WARNING * * *
The gnoll hits you with a +0 whip.
* * * LOW HITPOINT WARNING * * *
The gnoll hits you with a +0 flail!
* * * LOW HITPOINT WARNING * * *
It was a potion of ambrosia.
You are confused.
You feel invigorated. The scorpion stings you.
* * * LOW HITPOINT WARNING * * *
The gnoll closely misses you. The gnoll hits you with a +0 flail.
* * * LOW HITPOINT WARNING * * *
The scorpion closely misses you.
Okay, then.
You closely miss the scorpion.
The scorpion is lightly wounded.
The scorpion stings you.
* * * LOW HITPOINT WARNING * * *
Unknown command.
You barely miss the scorpion.
The scorpion is lightly wounded.
The gnoll hits you with a +0 whip.
* * * LOW HITPOINT WARNING * * *
The gnoll hits you with a +0 flail.
* * * LOW HITPOINT WARNING * * *
The scorpion closely misses you.
Unknown command.
Unknown command.
Unknown command.
You bump into the rock wall.
The gnoll hits you with a +0 whip.
* * * LOW HITPOINT WARNING * * *
The gnoll misses you. The scorpion stings you.
* * * LOW HITPOINT WARNING * * *
Unknown command.
Unknown command.
Unknown command.
You bump into the rock wall.
The gnoll hits you with a +0 whip.
* * * LOW HITPOINT WARNING * * *
The gnoll hits you with a +0 flail!
* * * LOW HITPOINT WARNING * * *
The scorpion stings you.
* * * LOW MAGIC WARNING * * *;
* * * LOW HITPOINT WARNING * * *
Unknown command.
Unknown command.
You bump into the rock wall.
The scorpion stings you.
* * * LOW HITPOINT WARNING * * *
The gnoll hits you with a +0 whip.
* * * LOW HITPOINT WARNING * * *
The gnoll hits you with a +0 flail!
* * * LOW MAGIC WARNING * * *
You die...
Your body rises from the dead as a mindless zombie.

..........#..#.#
..........##...#
...............#
...............#
...####........#
..## ##......####
..# #.....#...#
..# #......####
..## ##.......g@#
..Z####........sg#
..Z............#.#
...............#.#
..........##..##.#
..........#..###.#
.............# #.#
.....#.....#.###.#
....#.#........#.#


You could see a scorpion and 2 gnolls.

Vanquished Creatures
  2 orc priests
  3 iguanas
  3 gnolls (D:4)
  7 adders
  A white imp (D:4)
  An ufetubus (D:4)
  3 dart slugs
  7 orcs
  A ball python (D:4)
  5 endoplasms
  3 giant cockroaches
  3 goblins
  7 hobgoblins
  9 kobolds
  6 quokkas
  A bat (D:3)
  8 frilled lizards
  5 rats
75 creatures vanquished.

Vanquished Creatures (collateral kills)
  A gnoll (D:4)
  A kobold (D:4)
  A ball python (D:4)
3 creatures vanquished.

Vanquished Creatures (others)
  An endoplasm zombie (D:4)
  A goblin zombie (D:4)
  A kobold zombie (D:4)
  An orc zombie (D:4)
  A quokka zombie (D:4)
5 creatures vanquished.

Grand Total: 83 creatures vanquished

Notes
Turn   | Place    | Note
-------+----------+-------------------------------------------
     0 | D:5      | sleeves the Naga Delver began the quest for the Orb.
     0 | D:5      | Reached XP level 1. HP: 21/21 MP: 1/1
   311 | D:6      | Noticed an iguana
   483 | D:4      | Noticed an iguana
   533 | D:5      | Found a sacrificial altar of Ru.
   556 | D:3      | Noticed an orc priest
   742 | D:4      | Found a snail-covered altar of Cheibriados.
   742 | D:4      | Found a white marble altar of Elyvilon.
   799 | D:4      | Reached XP level 2. HP: 23/28 MP: 2/2
   883 | D:4      | Reached skill level 3 in Polearms
   909 | D:5      | Noticed a scorpion
   974 | D:3      | Reached XP level 3. HP: 34/34 MP: 3/3
  1393 | D:1      | Found a faded altar of an unknown god.
  1460 | D:1      | Reached skill level 4 in Polearms
  1460 | D:1      | Reached XP level 4. HP: 39/42 MP: 2/4
  2224 | D:2      | You fall into a shaft and drop 1 floor!
  2884 | D:3      | Reached XP level 5. HP: 40/49 MP: 5/5
  3106 | D:4      | Reached skill level 5 in Polearms
  3148 | D:3      | Reached skill level 1 in Throwing
  3582 | D:4      | Found a sparkling altar of Nemelex Xobeh.
  3583 | D:4      | Found a basalt altar of Yredelemnul.
  3614 | D:4      | Became a worshipper of Yredelemnul the Dark
  3676 | D:4      | Reached XP level 6. HP: 56/56 MP: 6/6
  3679 | D:4      | HP: 26/56 [gnoll/+0 flail (4)]
  3895 | D:4      | Reached skill level 2 in Throwing
  3961 | D:4      | Found a staircase to the Ecumenical Temple.
  4146 | D:4      | Reached * piety under Yredelemnul
  4254 | D:4      | Reached ** piety under Yredelemnul
  4384 | D:4      | HP: 26/56 [gnoll/+0 flail (5)]
  4389 | D:4      | HP: 21/56 [scorpion (1)]
  4389 | D:4      | HP: 10/56 [gnoll/+0 flail (9)]
  4394 | D:4      | HP: 8/56 [gnoll/+0 whip (4)]
  4394 | D:4      | HP: 3/56 [gnoll/+0 flail (5)]
  4394 | D:4      | HP: 1/56 [scorpion (2)]
  4395 | D:4      | Slain by a gnoll

Illustrated notes

Levels and vault maps discovered:
D:1:      giann_horns, layout_rooms, shapermc_ecumenical_altar_notcrosses,
          chequers_jeans, minmay_misc_feat_rows, feat_on_display
D:2:      layout_basic, minmay_tripent
D:3:      layout_loops_ring, st_stairs_7, kennysheep_pointless_box,
          kennysheep_big_empty_room, uniq_ijyb
D:4:      minmay_bubble_buster, layout_basic, nicolae_overflow_two_pavilions,
          mainiacjoe_overflow_divided_tiny, minmay_temple_entry_slanted,
          kennysheep_decorative_pillar
D:5:      layout_basic, nicolae_ru_the_path_less_chosen
D:6:      layout_loops_ring, minmay_misc_feat_diagonals, uniq_pikel,
          uniq_blork_the_orc

Skill      XL: |  1  2  3  4  5  6 |
---------------+-------------------+-----
Polearms       | 3 4 5 |  5.8
Throwing       | 1 2 |  2.4
Fighting       | |  3.0
Dodging        | |  1.5
Stealth        | |  7.5

Action                   |  1- 3 |  4- 6 || total
-------------------------+-------+-------++-------
Melee: Spear             |    42 |   149 ||   191
       Dagger            |     2 |       ||     2
       Punch             |       |     2 ||     2
Invok: Recall Undead Har |       |     1 ||     1
 Abil: Spit Poison       |     5 |     9 ||    14
  Use: Scroll            |     1 |     1 ||     2
       Potion            |       |     3 ||     3
 Stab: Sleeping          |     7 |    18 ||    25
Armor: Leather armour    |     4 |    18 ||    22
Dodge: Dodged            |    15 |    40 ||    55
